Warning! The script has encountered some errors when parsing the replay. Please report them to the . » details
0x6F, prev: 0x19: 16 02 01 00 CD 6F 00 00 DC 6F 00 00 19 6C [6F] 67 6E 4D 47 00 00 4D 47 00 00
0x6E, prev: 0x6F: 16 02 01 00 CD 6F 00 00 DC 6F 00 00 19 6C 6F 67 [6E] 4D 47 00 00 4D 47 00 00
0x47, prev: 0x6E: 16 02 01 00 CD 6F 00 00 DC 6F 00 00 19 6C 6F 67 6E 4D [47] 00 00 4D 47 00 00
0x00, prev: 0x47: 16 02 01 00 CD 6F 00 00 DC 6F 00 00 19 6C 6F 67 6E 4D 47 00 00 4D 47 00 [00]
0x47, prev: 0x00: 16 02 01 00 CD 6F 00 00 DC 6F 00 00 19 6C 6F 67 6E 4D 47 00 00 4D [47] 00 00
General information
- name: BNet
- type: Ladder team game (AT/RT)
- host: Battle.net
- saver: itouchmysister-
map: MarketSquare
- players: 8
- length: 52:03
- speed: Fast
- version: 1.26 W3XP
- replay type: Public
» download(231 KB)
Players
team 1 (winner)

»
sonecazzz (
red | 31 APM | 1638 actions | 52:02)
5 Death Knight
3 Death Coil
2 Unholy Aura
5 Dreadlord
3 Sleep
2 Vampiric Aura
4 Lich
2 Frost Nova
2 Frost Armor
» actions
| Assign group hotkey | 101 | |
| Build / train | 74 | |
| Enter build submenu | 16 | |
| Enter hero's abilities submenu | 14 | |
| Give item / drop item | 1 | |
| Remove unit from queue | 1 | |
| Right click | 627 | |
| Select / deselect | 272 | |
| Select group hotkey | 438 | |
| Use ability | 94 | |
1638 total
» units
| Acolyte | 11 | |
| Ghoul | 3 | |
| Crypt Fiend | 11 | |
| Druid of the Claw | 4 | |
| Frost Wyrm | 3 | |
32 total
» upgrades
| Web | 1 | |
| Creature Attack | 3 | |
| Creature Carapace | 3 | |
| Burrow | 1 | |
| Reinforced Hides | 1 | |
9 total
» buildings
| Altar of Darkness | 3 | |
| Ziggurat | 7 | |
| Graveyard | 1 | |
| Crypt | 2 | |
| Tomb of Relics | 1 | |
| Nerubian Tower | 1 | |
| Spirit Tower | 3 | |
| Halls of the Dead | 4 | |
| Black Citadel | 1 | |
| Sacrificial Pit | 1 | |
| Boneyard | 2 | |
| Necropolis | 1 | |
27 total
» build order
00:13 Altar of Darkness
00:16 Ziggurat
00:47 Altar of Darkness
01:14 Graveyard
01:32 Crypt
01:40 Tomb of Relics
01:45 Ziggurat
02:40 Crypt
03:41 Nerubian Tower
03:43 Spirit Tower
04:09 Ziggurat
05:22 Halls of the Dead
05:23 Halls of the Dead
05:23 Halls of the Dead
08:15 Black Citadel
09:17 Sacrificial Pit
09:38 Ziggurat
09:39 Ziggurat
10:49 Boneyard
10:51 Boneyard
12:48 Necropolis
19:34 Ziggurat
19:35 Ziggurat
26:14 Altar of Darkness
27:45 Spirit Tower
27:48 Spirit Tower
» items
| Rod of Necromancy | 3 | |
| Boots of Speed | 1 | |
| Dust of Appearance | 1 | |
| Scroll of Town Portal | 1 | |
6 total
DeusMeAjude (
orange | 48 APM | 822 actions | 17:01)
4 Demon Hunter
2 Immolation
2 Evasion
» actions
| Basic commands | 4 | |
| Build / train | 65 | |
| ESC pressed | 1 | |
| Enter build submenu | 14 | |
| Enter hero's abilities submenu | 4 | |
| Right click | 524 | |
| Select / deselect | 171 | |
| Use ability | 39 | |
822 total
» units
| Wisp | 17 | |
| Huntress | 6 | |
| Druid of the Claw | 14 | |
| Dryad | 6 | |
43 total
» upgrades
| Strength of the Wild | 3 | |
| Reinforced Hides | 2 | |
| Druid of the Claw Training | 2 | |
| Abolish Magic | 1 | |
| Mark of the Claw | 1 | |
9 total
» buildings
| Altar of Elders | 1 | |
| Moon Well | 5 | |
| Hunter's Hall | 1 | |
| Ancient of War | 1 | |
| Tree of Ages | 1 | |
| Ancient of Lore | 2 | |
| Tree of Eternity | 1 | |
| Tree of Life | 1 | |
| Ancient Protector | 2 | |
15 total
» build order
00:11 Altar of Elders
00:26 Moon Well
01:08 Hunter's Hall
01:46 Ancient of War
02:09 Moon Well
02:57 Tree of Ages
04:11 Moon Well
05:45 Ancient of Lore
05:53 Ancient of Lore
06:44 Tree of Eternity
08:15 Moon Well
09:19 Moon Well
13:31 Tree of Life
16:08 Ancient Protector
16:14 Ancient Protector
LesGrenadiers (
yellow | 39 APM | 1243 actions | 31:46)
10 Archmage
3 Summon Water Elemental
3 Brilliance Aura
1 Mass Teleport
3 Blizzard
» actions
| Assign group hotkey | 60 | |
| Basic commands | 28 | |
| Build / train | 83 | |
| Enter build submenu | 37 | |
| Enter hero's abilities submenu | 10 | |
| Give item / drop item | 2 | |
| Remove unit from queue | 2 | |
| Right click | 456 | |
| Select / deselect | 284 | |
| Select group hotkey | 193 | |
| Use ability | 86 | |
1243 total
» units
| Peasant | 23 | |
| Footman | 2 | |
| Rifleman | 24 | |
49 total
» upgrades
| Gunpowder | 3 | |
| Armor | 3 | |
| Lumber Harvesting | 2 | |
| Masonry | 3 | |
| Long Rifles | 1 | |
12 total
» buildings
| Altar of Kings | 1 | |
| Barracks | 3 | |
| Farm | 13 | |
| Blacksmith | 1 | |
| Arcane Vault | 1 | |
| Lumber Mill | 1 | |
| Town Hall | 4 | |
| Scout Tower | 16 | |
| Keep | 1 | |
| Guard Tower | 2 | |
| Castle | 1 | |
44 total
» build order
00:53 Altar of Kings
00:56 Barracks
01:01 Barracks
01:09 Farm
01:10 Farm
01:51 Farm
02:07 Blacksmith
02:47 Farm
02:59 Arcane Vault
04:12 Farm
05:36 Lumber Mill
05:41 Town Hall
05:46 Scout Tower
05:47 Scout Tower
05:48 Scout Tower
05:49 Scout Tower
05:52 Scout Tower
06:54 Keep
07:37 Barracks
10:10 Guard Tower
11:19 Farm
11:22 Farm
12:58 Castle
18:47 Farm
18:48 Farm
18:48 Farm
18:49 Farm
20:14 Town Hall
20:22 Town Hall
21:29 Scout Tower
21:30 Scout Tower
21:31 Scout Tower
21:32 Scout Tower
21:33 Scout Tower
21:33 Scout Tower
21:34 Scout Tower
21:35 Scout Tower
21:36 Scout Tower
21:37 Scout Tower
21:37 Scout Tower
23:44 Guard Tower
30:40 Farm
31:34 Town Hall
» items
| Scroll of Regeneration | 1 | |
| Dust of Appearance | 1 | |
| Scroll of Town Portal | 1 | |
| Periapt of Vitality | 1 | |
| Staff of Teleportation | 1 | |
5 total
itouchmysister- (
purple | 57 APM | 2988 actions | 52:03)
10 Death Knight
3 Death Coil
3 Unholy Aura
1 Animate Dead
3 Death Pact
7 Goblin Tinker
3 Engineering Upgrade
3 Cluster Rockets
1 Robo-Goblin
» actions
| Assign group hotkey | 152 | |
| Basic commands | 105 | |
| Build / train | 117 | |
| ESC pressed | 1 | |
| Enter build submenu | 37 | |
| Enter hero's abilities submenu | 17 | |
| Give item / drop item | 4 | |
| Remove unit from queue | 1 | |
| Right click | 1239 | |
| Select / deselect | 577 | |
| Select group hotkey | 544 | |
| Select subgroup | 1 | |
| Use ability | 192 | |
2988 total
» units
| Acolyte | 16 | |
| Ghoul | 4 | |
| Crypt Fiend | 7 | |
| Obsidian Statue | 21 | |
48 total
» upgrades
| Creature Attack | 3 | |
| Creature Carapace | 3 | |
| Web | 1 | |
| Destroyer Form | 1 | |
| Unholy Armor | 2 | |
| Unholy Strength | 1 | |
11 total
» buildings
| Graveyard | 2 | |
| Crypt | 1 | |
| Altar of Darkness | 1 | |
| Ziggurat | 24 | |
| Nerubian Tower | 1 | |
| Spirit Tower | 12 | |
| Tomb of Relics | 2 | |
| Halls of the Dead | 1 | |
| Black Citadel | 1 | |
| Slaughterhouse | 1 | |
46 total
» build order
00:09 Graveyard
00:21 Crypt
00:44 Altar of Darkness
01:01 Ziggurat
02:02 Nerubian Tower
02:03 Ziggurat
03:15 Spirit Tower
04:57 Tomb of Relics
05:01 Ziggurat
06:02 Halls of the Dead
06:20 Ziggurat
07:09 Spirit Tower
07:55 Spirit Tower
09:16 Black Citadel
10:14 Slaughterhouse
13:41 Ziggurat
15:22 Spirit Tower
16:58 Ziggurat
18:03 Spirit Tower
19:05 Ziggurat
21:00 Ziggurat
21:28 Ziggurat
22:12 Spirit Tower
22:42 Spirit Tower
23:34 Ziggurat
23:35 Ziggurat
28:50 Ziggurat
30:57 Graveyard
33:02 Ziggurat
33:03 Ziggurat
33:04 Ziggurat
33:05 Ziggurat
34:50 Spirit Tower
34:52 Ziggurat
34:54 Ziggurat
35:47 Spirit Tower
35:47 Spirit Tower
43:17 Ziggurat
43:18 Ziggurat
43:19 Ziggurat
43:20 Ziggurat
43:22 Ziggurat
43:24 Ziggurat
44:26 Spirit Tower
45:02 Spirit Tower
45:46 Tomb of Relics
» items
| Rod of Necromancy | 1 | |
| Dust of Appearance | 1 | |
| Potion of Healing | 4 | |
| Boots of Speed | 2 | |
| Staff of Teleportation | 2 | |
| Orb of Corruption | 2 | |
| Scroll of Healing | 4 | |
| Scroll of Town Portal | 1 | |
| Scroll of Regeneration | 1 | |
| Lesser Clarity Potion | 1 | |
| Periapt of Vitality | 1 | |
20 total
team 2 (loser)
patfish (
pink | 46 APM | 2304 actions | 50:21)
7 Blademaster
3 Wind Walk
3 Critical Strike
1 Bladestorm
6 Shadow Hunter
2 Hex
3 Healing Wave
1 Big Bad Voodoo
3 Tauren Chieftain
2 Endurance Aura
1 War Stomp
» actions
| Assign group hotkey | 29 | |
| Basic commands | 470 | |
| Build / train | 83 | |
| Enter build submenu | 31 | |
| Enter hero's abilities submenu | 17 | |
| Give item / drop item | 8 | |
| Remove unit from queue | 7 | |
| Right click | 371 | |
| Select / deselect | 376 | |
| Select group hotkey | 799 | |
| Use ability | 112 | |
2304 total
» units
| Peon | 8 | |
| Wind Rider | 20 | |
| Tauren | 5 | |
| Raider | -4 | |
29 total
» upgrades
| Armor | 4 | |
| Spiked Barricades | 1 | |
| Melee Weapons | 3 | |
| Pulverize | 1 | |
| Ranged Weapons | 1 | |
| Shaman Training | 1 | |
11 total
» buildings
| Orc Burrow | 14 | |
| Altar of Storms | 1 | |
| War Mill | 1 | |
| Voodoo Lounge | 1 | |
| Watch Tower | 7 | |
| Stronghold | 1 | |
| Fortress | 1 | |
| Beastiary | 1 | |
| Tauren Totem | 2 | |
| Spirit Lodge | 1 | |
30 total
» build order
00:32 Orc Burrow
00:37 Altar of Storms
00:55 War Mill
01:38 Voodoo Lounge
02:05 Orc Burrow
02:26 Watch Tower
02:58 Watch Tower
03:56 Stronghold
04:08 Watch Tower
04:36 Orc Burrow
05:38 Watch Tower
07:30 Fortress
07:46 Watch Tower
07:49 Watch Tower
08:15 Orc Burrow
08:38 Watch Tower
08:41 Orc Burrow
09:49 Beastiary
10:08 Tauren Totem
10:12 Tauren Totem
10:24 Orc Burrow
11:01 Orc Burrow
11:33 Orc Burrow
11:55 Orc Burrow
12:01 Orc Burrow
13:06 Orc Burrow
15:29 Orc Burrow
16:09 Orc Burrow
19:19 Spirit Lodge
21:04 Orc Burrow
» items
| Healing Salve | 2 | |
| Lesser Clarity Potion | 2 | |
| Boots of Speed | 2 | |
| Staff of Teleportation | 1 | |
| Orb of Lightning | 3 | |
| Scroll of Town Portal | 2 | |
| Potion of Healing | 1 | |
| Tiny Great Hall | 1 | |
14 total
StinkyGreenOrc (
green | 31 APM | 199 actions | 06:23)
1 Blademaster
1 Wind Walk
» actions
| Assign group hotkey | 2 | |
| Build / train | 17 | |
| Enter build submenu | 8 | |
| Enter hero's abilities submenu | 1 | |
| Right click | 74 | |
| Select / deselect | 54 | |
| Select group hotkey | 31 | |
| Use ability | 12 | |
199 total
» units
» upgrades
| Pillage | 1 | |
| Armor | 1 | |
| Melee Weapons | 1 | |
3 total
» buildings
| Altar of Storms | 1 | |
| Orc Burrow | 3 | |
| Barracks | 1 | |
| Voodoo Lounge | 1 | |
| War Mill | 1 | |
| Stronghold | 1 | |
| Watch Tower | 1 | |
9 total
» build order
00:14 Altar of Storms
00:23 Orc Burrow
01:16 Barracks
01:53 Orc Burrow
02:04 Voodoo Lounge
02:14 War Mill
03:36 Stronghold
04:11 Orc Burrow
05:42 Watch Tower

»
I_Own_YOU2 (
blue | 32 APM | 213 actions | 06:35)
» actions
| Build / train | 24 | |
| Enter build submenu | 22 | |
| Remove unit from queue | 5 | |
| Right click | 67 | |
| Select / deselect | 71 | |
| Use ability | 24 | |
213 total
» units
» upgrades
» buildings
| Orc Burrow | 5 | |
| War Mill | 1 | |
| Stronghold | 1 | |
| Watch Tower | 5 | |
| Altar of Storms | 1 | |
| Voodoo Lounge | 1 | |
| Beastiary | 2 | |
16 total
» build order
00:05 Orc Burrow
01:40 War Mill
02:30 Orc Burrow
02:38 Stronghold
02:51 Orc Burrow
03:00 Watch Tower
03:05 Watch Tower
03:21 Altar of Storms
04:09 Orc Burrow
04:16 Watch Tower
04:53 Orc Burrow
04:58 Watch Tower
05:06 Voodoo Lounge
05:08 Beastiary
05:29 Watch Tower
06:25 Beastiary
AVATAR-IS-GREAT (
teal | 57 APM | 2946 actions | 52:02)
9 Shadow Hunter
3 Hex
3 Healing Wave
1 Big Bad Voodoo
2 Serpent Ward
» actions
| Assign group hotkey | 58 | |
| Basic commands | 94 | |
| Build / train | 118 | |
| Enter build submenu | 21 | |
| Enter hero's abilities submenu | 9 | |
| Give item / drop item | 1 | |
| Remove unit from queue | 1 | |
| Right click | 1202 | |
| Select / deselect | 421 | |
| Select group hotkey | 911 | |
| Use ability | 108 | |
2946 total
» units
| Peon | 17 | |
| Grunt | 4 | |
| Wind Rider | 24 | |
| Kodo Beast | 21 | |
| Shaman | 5 | |
| Troll Witch Doctor | 4 | |
| Raider | 2 | |
77 total
» upgrades
| Reinforced Defenses | 1 | |
| Envenomed Spears | 1 | |
| Ranged Weapons | 4 | |
| Armor | 4 | |
| Shaman Training | 2 | |
| Witch Doctor Training | 2 | |
| Liquid Fire | 1 | |
| Ensnare | 1 | |
| Burning Oil | 1 | |
17 total
» buildings
| Altar of Storms | 1 | |
| Barracks | 1 | |
| Orc Burrow | 12 | |
| Voodoo Lounge | 1 | |
| Stronghold | 1 | |
| War Mill | 1 | |
| Great Hall | 1 | |
| Beastiary | 7 | |
| Fortress | 1 | |
| Watch Tower | 9 | |
| Spirit Lodge | 2 | |
37 total
» build order
00:11 Altar of Storms
00:21 Barracks
00:39 Orc Burrow
01:55 Orc Burrow
02:07 Voodoo Lounge
03:10 Stronghold
04:06 War Mill
04:08 Orc Burrow
05:44 Great Hall
05:58 Beastiary
06:09 Beastiary
06:57 Fortress
07:29 Watch Tower
07:30 Watch Tower
07:31 Watch Tower
07:34 Watch Tower
07:51 Beastiary
07:52 Beastiary
07:54 Orc Burrow
07:54 Orc Burrow
07:55 Orc Burrow
08:48 Watch Tower
08:49 Watch Tower
10:22 Orc Burrow
10:22 Orc Burrow
12:09 Watch Tower
12:09 Watch Tower
12:09 Watch Tower
13:13 Orc Burrow
13:13 Orc Burrow
29:58 Spirit Lodge
29:59 Spirit Lodge
30:02 Beastiary
30:02 Beastiary
31:27 Orc Burrow
31:28 Orc Burrow
31:38 Beastiary
» items
| Healing Salve | 2 | |
| Orb of Lightning | 1 | |
| Potion of Healing | 1 | |
| Potion of Mana | 1 | |
| Scroll of Town Portal | 3 | |
| Staff of Teleportation | 1 | |
| Potion of Lesser Invulnerability | 1 | |
10 total
Chat log
(00:08 / Allies) LesGrenadiers: Give them hell, men
(00:10 / All) I_Own_YOU2: Avatar was trash
(00:11 / Allies) itouchmysister-: plan?
(00:12 / All) I_Own_YOU2: And on that basis
(00:14 / All) I_Own_YOU2: I should leave the game.
(00:18 / Allies) LesGrenadiers: 25 minutes of pure hell and TERROR!
(00:26 / All) I_Own_YOU2: AND WE HAVE 15 ORC
(00:27 / All) I_Own_YOU2: SO UH
(00:29 / Allies) LesGrenadiers: say it's a joke
(00:35 / Allies) DeusMeAjude: what ?
(00:43 / Allies) LesGrenadiers: SAY IT'S A JOKE
(00:43 / Allies) DeusMeAjude: plan ?
(00:44 / All) StinkyGreenOrc: lol someone is burnout
(00:46 / Allies) LesGrenadiers: I STARTED A JOKE
(00:49 / Allies) LesGrenadiers: SET THE WHOLE WORLD LAUGHING
(00:50 / All) itouchmysister-: lol it's a joke
(01:07 / All) I_Own_YOU2: Oh get it
(01:10 / All) I_Own_YOU2: Like touching your sister
(01:11 / All) I_Own_YOU2: Fuc kit
(01:15 / All) I_Own_YOU2: If shes hot go for that vag
(01:16 / All) itouchmysister-: lol that's not a joke!
(01:20 / All) StinkyGreenOrc: or ur mom
(01:25 / All) I_Own_YOU2: ^
(01:35 / All) StinkyGreenOrc: i luv ur mom
(01:38 / All) LesGrenadiers: My mother wouldn't approve of this conversation
(01:45 / All) StinkyGreenOrc: i know
(01:53 / All) I_Own_YOU2: That's because she's a bitch, little johnny
(01:55 / Allies) DeusMeAjude: rush or what ?
(02:14 / All) LesGrenadiers: She's a kind hearted soul
(02:21 / All) StinkyGreenOrc: i know
(03:12 / All) I_Own_YOU2: I quit
(03:16 / All) I_Own_YOU2: I mean, pick the ONE guy who techs
(03:20 / All) itouchmysister-: raped
(03:24 / All) LesGrenadiers: Don't tech outside, asshole
(04:08 / Allies) itouchmysister-: blue is teching, rush
(06:30 / All) I_Own_YOU2: Teal and Pink
(06:32 / All) I_Own_YOU2: Are fucking stupid
(06:33 / All) itouchmysister-: this is why you don't tech outside faggot
(07:08 / Allies) LesGrenadiers: run south
(07:24 / Allies) DeusMeAjude: take care
(14:24 / Allies) LesGrenadiers: you take exp
(14:26 / Allies) LesGrenadiers: but leave me item
(14:34 / Allies) itouchmysister-: maybe
(14:45 / Allies) LesGrenadiers: give
(14:48 / Allies) DeusMeAjude: need aa
(14:57 / Allies) LesGrenadiers: ...
(15:07 / All) LesGrenadiers: Not really
(15:27 / Allies) sonecazzz: back yellow
(16:22 / Allies) sonecazzz: lol
(16:25 / Allies) DeusMeAjude: wtf ????
(16:26 / Allies) sonecazzz: bsing now purp?
(16:33 / Allies) DeusMeAjude: stop it
(16:44 / Allies) itouchmysister-: sorry thought you were enemy!
(16:45 / Allies) itouchmysister-: misclick
(17:00 / Allies) sonecazzz: hard to believe
(19:40 / All) itouchmysister-: that expo worth your army yellow?
(20:15 / Allies) LesGrenadiers: wood
(20:34 / Allies) sonecazzz: we should hit
(20:47 / Allies) itouchmysister-: make worms
(20:49 / Allies) itouchmysister-: you have the tech
(22:22 / Allies) LesGrenadiers: focus bm
(22:24 / Allies) LesGrenadiers: I have dust
(24:30 / Allies) sonecazzz: great purp
(24:56 / Allies) sonecazzz: this is for pis me off?
(25:06 / All) AVATAR-IS-GREAT: USE DAGGER MORON
(25:18 / All) itouchmysister-: I did retard
(25:23 / All) itouchmysister-: It's called cooldown
(25:37 / Allies) sonecazzz: yeah... very clever
(26:41 / Allies) itouchmysister-: tp
(26:51 / Allies) LesGrenadiers: tp
(27:05 / Allies) LesGrenadiers: focus bm
(27:41 / Allies) itouchmysister-: gold please
(28:00 / Allies) itouchmysister-: 450 gold for my hero
(28:13 / Allies) LesGrenadiers: give him gold red
(28:19 / Allies) itouchmysister-: give me gold red and I tp to help you
(28:21 / Allies) sonecazzz: yeah, sure i will
(28:31 / Allies) sonecazzz: just wait a moment
(28:39 / Allies) itouchmysister-: you have 2k retard give me
(28:50 / Allies) sonecazzz: yep, i'm sendig the money
(28:59 / Allies) sonecazzz: just wait cause my internet is a little slow
(29:06 / Allies) itouchmysister-: give it faggot or our team loses
(29:25 / Allies) itouchmysister-: 2.9k, give or I help them kill your last structures
(29:29 / Allies) sonecazzz: yeah...i'm really caring about that
(29:34 / Allies) sonecazzz: so kill please
(29:37 / Allies) itouchmysister-: give me your gold jesus christ
(29:51 / Allies) itouchmysister-: mined the money before your slow ass hurried up
(30:41 / Allies) itouchmysister-: red, you have 2.9k
(34:59 / All) itouchmysister-: pink you here?
(43:43 / All) AVATAR-IS-GREAT: standoff?
(43:49 / All) itouchmysister-: sure
(43:55 / All) itouchmysister-: getting good items for tinker first
(45:36 / All) AVATAR-IS-GREAT: red and pink listen up
(45:51 / All) AVATAR-IS-GREAT: purple and i will kill all units and leave one building on each side, and then leave the game
(45:54 / All) AVATAR-IS-GREAT: person with the best internet wins
(47:39 / All) AVATAR-IS-GREAT: none
(47:43 / All) itouchmysister-: k good
(49:49 / All) itouchmysister-: red still has 2 fiends burrowed
(49:55 / All) itouchmysister-: I must remedy that
(50:29 / All) AVATAR-IS-GREAT: finish ur shit nigga
(50:30 / All) itouchmysister-: damn
(50:32 / All) AVATAR-IS-GREAT: red get sloss
(50:33 / All) itouchmysister-: pink left
(50:34 / All) itouchmysister-: no standoff
(50:52 / All) itouchmysister-: k
(51:28 / All) AVATAR-IS-GREAT: kingdoms of amalur reckonign demo on jan 17, for pc hopefully so u can experience it
(51:36 / All) itouchmysister-: good, I can't wait
(51:52 / All) itouchmysister-: my team loses